 Dungeon Crawl Stone Soup version 0.29-a0-838-g385bb11a5b (webtiles) character file.

Game seed: 2573302681896375211

178 purpskrrrp the Sneak (level 5, -1/24 HPs)
             Began as a Vine Stalker Enchanter on July 13, 2022.
             Killed by divine providence
             ... invoked by an orc priest
              (12 damage)
             ... on level 3 of the Dungeon.
             The game lasted 00:10:35 (2556 turns).

purpskrrrp the Sneak (Vine Stalker Enchanter)       Turns: 2556, Time: 00:10:37

Health: -1/24      AC:  3    Str: 11    XL:     5   Next: 58%
Magic:  0/9        EV: 12    Int: 15    God:
Gold:   133        SH:  0    Dex: 16    Spells: 8/8 levels left

rFire   . . .      SeeInvis .   m - +1 dagger (drain)
rCold   . . .      Faith    .   (no shield)
rNeg    . . .      Spirit   +   b - +0 robe
rPois   .          Reflect  .   (no helmet)
rElec   .          Harm     .   (no cloak)
rCorr   .          Rampage  .   j - +0 pair of gloves
Will    .....                   (no boots)
Stlth   ++++......              (no amulet)
HPRegen 0.88/turn               (no ring)
MPRegen 0.11/turn               (no ring)

@: no status effects
A: fangs 2, regeneration 1, magic shield, antimagic bite, no potion heal 2
a: no special abilities


You were on level 3 of the Dungeon.
You visited 1 branch of the dungeon, and saw 3 of its levels.
You also visited: Sewer.

You collected 133 gold pieces.

Inventory:

Hand Weapons
 a - a +1 dagger
 f - a +0 whip of flaming
 m - a +1 dagger of draining (weapon)
Missiles
 h - 3 poisoned darts (quivered)
 k - a curare-tipped dart
Armour
 b - a +0 robe (worn)
 j - a +0 pair of gloves (worn)
Scrolls
 q - a scroll of silence
Potions
 c - 2 potions of invisibility
 d - a potion of degeneration {unknown}
 e - 4 potions of haste
 g - 3 potions of curing
 i - a potion of attraction {unknown}
 n - a potion of berserk rage {unknown}
 o - 2 potions of might {unknown}
 p - a potion of heal wounds {unknown}
 r - a potion of cancellation {unknown}


   Skills:
 + Level 1.9 Short Blades
 - Level 0.7 Maces & Flails
 - Level 1.5 Dodging
 * Level 7.1 Stealth
 - Level 2.1 Spellcasting
 - Level 3.0 Hexes


You had 8 spell levels left.
You didn't know any spells.
Your spell library contained the following spells:

 Spells                   Type           Power      Damage    Failure   Level
 Ensorcelled Hibernation  Hex/Ice        12%        N/A       19%         2
 Confusing Touch          Hex            10%        N/A       19%         3
 Tukima's Dance           Hex            10%        N/A       19%         3
 Blink                    Tloc           2%         N/A       32%         2
 Dazzling Flash           Conj/Hex       12%        N/A       34%         3
 Portal Projectile        Hex/Tloc       12%        N/A       34%         3
 Call Canine Familiar     Summ           1%         N/A       54%         3
 Lesser Beckoning         Tloc           1%         N/A       54%         3
 Leda's Liquefaction      Hex/Erth       3%         N/A       75%         4
 Manifold Assault         Tloc           1%         N/A       99%         5


Dungeon Overview and Level Annotations

Branches:
Dungeon (3/15)              Sewer (visited)

Altars:
Elyvilon

Annotations:
D:3 audacious124's ghost, amateur HuCj


Innate Abilities, Weirdness & Mutations

You have extremely sharp teeth.
Your natural rate of healing is unusually fast.
When hurt, damage is shared between your health and your magic reserves.
Your bite disrupts and absorbs the magic of your enemies.
Potions cannot restore your health.


Message History

The orc shouts!
An orc comes into view. It is wielding a +0 hand axe.
You see here a +0 flail.
You hit the orc priest.
The orc priest is lightly wounded.
You hit the orc priest but do no damage.
You drain the orc priest.
You bite the orc priest, but do no damage.
The orc priest is moderately wounded.
The orc priest barely misses you.
An orc comes into view. It is wielding a +2 mace of protection.
You closely miss the orc priest. Your bite misses the orc priest.
The orc priest is moderately wounded.
The orc hits you with a +0 war axe!
You hit the orc. You bite the orc. You drain its power.
You feel invigorated.
The orc is almost dead.
The orc priest hits you with a +0 hand axe.
The orc barely misses you.
The orc priest looks braver for a moment.
The orc hits you with a +0 club. The orc barely misses you.
The orc hits you with a +0 flail.
You hit the orc but do no damage. You drain the orc. Your bite misses the orc.
The orc is heavily wounded.
The orc priest misses you. The orc barely misses you. x2
The orc closely misses you.
You hit the orc.
You kill the orc!
The orc priest misses you. The orc barely misses you.
The orc hits you with a +0 club. The orc hits you with a +0 war axe.
The orc attacks as you move away! The orc completely misses you.
The orc attacks as you move away! The orc hits you with a +0 hand axe.
You see here a +0 flail.
The orc attacks as you move away! The orc closely misses you.
You hit the orc priest but do no damage.
You punch the orc priest.
The orc priest is moderately wounded.
The orc priest calls down the wrath of Beogh upon you.
Beogh smites you!
Ouch! That really hurt!
You die...

≈≈≈≈≈≈≈≈≈≈≈,*,*,#.#.#
≈≈≈≈≈≈≈≈≈≈≈,**,*#.#.#
.......,,,,,****#...#####
#.##.##*,,*** ###.....#
#.#*...,,,** #.###.#
*.#**#.*,*,***#####)# #.#
*..,,,,,,,,,,,,..##.# #.#
**#**,,*,*,,***#.##.# #.#
*,*,,,,,* #@##.# #.#
*,**,*#.####o##.###.#
*,****#..o.ooo......#
*,****#.##.o....#####
*,,,,,,,*#.#.####
*,*******#.#.# *,* *#.#.#
*,*******..>.#
*,,,,<,,,....#


You could see an orc priest (very drained) and 4 orcs.

Vanquished Creatures
  A kobold brigand (Sewer)
  A gnoll (D:3)
  2 adders
  A worm (D:2)
  2 orcs (D:3)
  8 endoplasms
  2 giant cockroaches
  3 goblins
  6 hobgoblins
  4 jackals (D:3)
  12 kobolds
  3 quokkas
  5 ball pythons
  7 bats
  4 frilled lizards
  9 rats
70 creatures vanquished.

Vanquished Creatures (others)
  3 plants (D:3)
3 creatures vanquished.

Grand Total: 73 creatures vanquished

Notes
Turn   | Place    | Note
-------+----------+-------------------------------------------
     0 | D:1      | purpskrrrp the Vine Stalker Enchanter began the quest for
                  | the Orb.
     0 | D:1      | Reached XP level 1. HP: 9/9 MP: 4/4
    59 | D:1      | Reached skill level 4 in Stealth
   352 | D:1      | Found a faded altar of an unknown god.
   360 | D:1      | Reached skill level 1 in Short Blades
   372 | D:1      | Prayed at the altar of an unknown god.
   372 | D:1      | Became a worshipper of Elyvilon the Healer
   372 | D:1      | Reached * piety under Elyvilon
   386 | D:1      | Reached XP level 2. HP: 13/13 MP: 6/6
   874 | D:2      | Reached skill level 5 in Stealth
   874 | D:2      | Reached XP level 3. HP: 9/16 MP: 7/7
  1268 | D:2      | Fell from the grace of Elyvilon
  1968 | D:3      | Gained mutation: Your natural rate of healing is unusually
                  | fast. [Vine Stalker growth]
  1968 | D:3      | Reached XP level 4. HP: 20/21 MP: 8/8
  2036 | D:3      | Found a transporter.
  2042 | D:3      | Found a transporter.
  2062 | D:3      | Noticed audacious124's ghost (amateur HuCj)
  2150 | D:3      | Identified the +4 ring mail "Kodof" {Will- Str+4 Dex+3}
  2150 | D:3      | Identified the +1 buckler of Grace {rC+ rN+ rCorr Int+2}
  2150 | D:3      | Noticed a gnoll sergeant
  2173 | D:3      | Reached skill level 6 in Stealth
  2178 | D:3      | Found a glowing drain.
  2190 | Sewer    | Entered a sewer
  2290 | Sewer    | Noticed a kobold brigand
  2300 | Sewer    | Killed a kobold brigand
  2301 | Sewer    | Reached skill level 7 in Stealth
  2301 | Sewer    | Reached XP level 5. HP: 24/24 MP: 9/9
  2556 | D:3      | Killed from afar by an orc priest

Illustrated notes

Levels and vault maps discovered:
D:1:      spicycebolla_arrival_clurvy, layout_basic,
          hellmonk_ecumenical_altar_run_dry, minmay_misc_feat_roman,
          minmay_split_cup_small
D:2:      layout_loops_cross, st_stairs_5
D:3:      layout_loops_ring, gammafunk_ghost_gnarly_gnolls, portal_sewer_entry_b

Skill      XL: |  1  2  3  4 |
---------------+-------------+-----
Stealth        | 4 5 7 |  7.1
Short Blades   | 1 |  1.9
Maces & Flails | |  0.7
Dodging        | |  1.5
Spellcasting   | |  2.1
Hexes          | |  3.0

Action                   |  1- 3 |  4- 6 || total
-------------------------+-------+-------++-------
Melee: Dagger            |    49 |    89 ||   138
       Whip              |    40 |       ||    40
       Bite              |    20 |    23 ||    43
       Punch             |     3 |     1 ||     4
Invok: Renounce Religion |     1 |       ||     1
  Use: Scroll            |     3 |     3 ||     6
       Potion            |       |     1 ||     1
 Stab: Sleeping          |     6 |     2 ||     8
       Invisible         |       |     1 ||     1
Armor: Robe              |    31 |    12 ||    43
Dodge: Dodged            |    63 |    69 ||   132

Table legend: (Time is in decaauts)
 A = Elapsed time spent in this place.
 B = Non-inter-level travel time spent in this place.
 C = Inter-level travel time spent in this place.
 D = Time resting spent in this place.
 E = Time spent auto-exploring this place.
 F = Levels seen in this place.
 G = Mean time per level.
                   A        B        C        D        E       F      G
               +--------+--------+--------+--------+--------+-----+--------+
         Total |   2574 |   2521 |     53 |     63 |   1788 |   4 |  643.5 |
       Dungeon |   2238 |   2185 |     53 |     56 |   1648 |   3 |  746.0 |
         Sewer |    336 |    336 |      0 |      7 |    140 |   1 |  336.0 |
               +--------+--------+--------+--------+--------+-----+--------+

Top non-repeatable levels by time:
     D:2: 953 daAuts
     D:1: 799 daAuts
     D:3: 485 daAuts
   Sewer: 336 daAuts
